 Dungeon Crawl Stone Soup version 0.32-a0-818-gb728d02 (webtiles) character file.

Game seed: 7786530502163875871

21861060 Tanach the Intangible (level 27, 224/224 HPs)
             Began as a Coglin Gladiator on Mar 24, 2024.
             Was the Champion of the Shining One.
             Escaped with the Orb
             ... and 15 runes
             ... and 2 gems!
             The game lasted 02:30:12 (69830 turns).

Tanach the Intangible (Coglin Gladiator)           Turns: 69830, Time: 02:30:13

Health: 224/224    AC: 18    Str: 12    XL:     27
Magic:  40/40      EV: 42    Int: 14    God:    the Shining One [******]
Gold:   7884       SH:  0    Dex: 31    Spells: 40/52 levels left

rFire   + . .        i - +7 double sword (flame) {Paloma}
rCold   + + .        L - +9 eudemon blade (holy) {Araceli}
rNeg    + + +        a - +3 troll leather armour
rPois   +            g - +0 hat of the Merchant {rPois rCorr SInv}
rElec   .            Q - +0 cloak "Beimoppa" {^Contam rF+ rC+ Dex+4}
rCorr   +            X - +2 pair of gloves {Dex+3}
SInv    +            o - +0 pair of boots "Ezxoyru Vong" {rN+}
Will    +++..        (amulet unavailable)
Stlth   +            (ring unavailable)
HPRegen 2.17/turn    (ring unavailable)
MPRegen 0.67/turn    O - tuning booster {rC+ Will+ Regen+ RegenMP+}

%: no passive effects
@: glowing, studying 2 skills
A: off-hand wielding, slow wielding, warmup strikes, no jewellery, iridescent
scales 2, clever 1, clumsy 1, deformed body, frail 1, weak 1
0: Orb of Zot
}: 15/15 runes: serpentine, barnacled, slimy, silver, golden, iron, obsidian,
icy, bone, abyssal, demonic, glowing, magical, fiery, dark
a: Renounce Religion, Divine Shield, Cleansing Flame, Summon Divine Warrior


You escaped.
You worshipped the Shining One.
The Shining One was exalted by your worship.
You visited 18 branches of the dungeon, and saw 86 of its levels.
You visited Pandemonium 1 time, and saw 22 of its levels.
You visited the Abyss 1 time.
You also visited: Gauntlet, Ice Cave and Wizlab.

You collected 10166 gold pieces.
You spent 2282 gold pieces at shops.

Inventory:

Hand Weapons
 f - a +2 scimitar of holy wrath {Qiu}
 i - a +7 double sword of flaming (weapon) {Paloma}
 L - a +9 eudemon blade of holy wrath (offhand) {Araceli}
Missiles
 d - 8 throwing nets {!f}
 B - 30 poisoned darts
 E - 10 curare-tipped darts {!f}
Armour
 a - a +3 troll leather armour (worn)
 e - +7 fire dragon scales
 g - the +0 hat of the Merchant (worn) {rPois rCorr SInv}
   (Okawaru gifted it to you on level 2 of the Orcish Mines)

   rPois:     It protects you from poison.
   SInv:      It lets you see invisible.
   rCorr:     It protects you from acid and corrosion.
 o - the +0 pair of boots "Ezxoyru Vong" (worn) {rN+}
   (You bought it in a shop in Pandemonium)

   rN+:       It protects you from negative energy.
 Q - the +0 cloak "Beimoppa" (worn) {^Contam rF+ rC+ Dex+4}
   (You found it on level 1 of the Snake Pit)

   Dex+4:     It affects your dexterity (+4).
   rF+:       It protects you from fire.
   rC+:       It protects you from cold.
   ^Contam:   It causes magical contamination when unequipped.
 X - a +2 pair of gloves of dexterity (worn)
Gizmo
 O - a tuning booster (installed) {rC+ Will+ Regen+ RegenMP+}
   (You invented it yourself on level 2 of the Orcish Mines)

   [tuning booster]

   rC+:       It protects you from cold.
   Will+:     It increases your willpower.
   Regen+:    It increases your rate of health regeneration.
   RegenMP+:  It increases your rate of magic regeneration.
Wands
 I - a wand of digging (33)
 J - a wand of mindburst (74)
 K - a wand of light (51)
 M - a wand of polymorph (17)
 N - a wand of paralysis (53)
 R - a wand of roots (61)
Scrolls
 c - 9 scrolls of amnesia
 h - 5 scrolls of vulnerability
 t - 7 scrolls of fog
 v - a scroll of enchant armour
 w - 10 scrolls of fear
 z - 6 scrolls of immolation
 C - 11 scrolls of teleportation
 D - a scroll of summoning
 P - 5 scrolls of silence
 S - a scroll of blinking
 V - 4 scrolls of brand weapon
Potions
 b - 6 potions of cancellation
 j - 9 potions of enlightenment
 k - 4 potions of brilliance
 l - 16 potions of attraction
 m - 2 potions of resistance
 q - 3 potions of magic
 r - 11 potions of heal wounds
 s - 20 potions of curing
 u - 8 potions of mutation
 x - 5 potions of ambrosia
 A - 11 potions of lignification
 F - 2 potions of might
 T - 2 potions of haste
 Z - 2 potions of berserk rage
Miscellaneous
 p - a box of beasts
 y - a phial of floods
 U - a phantom mirror
 W - a lightning rod (4/4)


   Skills:
 O Level 27 Fighting
 O Level 27 Long Blades
 - Level 2.0 Throwing
 + Level 17.4 Armour
 O Level 27 Dodging
 - Level 12.0 Stealth
 - Level 13.0 Spellcasting
 - Level 16.0 Translocations
 + Level 25.1 Invocations
 - Level 9.0 Evocations


You had 40 spell levels left.
You knew the following spells:

 Your Spells              Type           Power      Damage    Failure   Level
a - Manifold Assault      Tloc           52%        N/A       1%          4
b - Blink                 Tloc           100%       N/A       1%          2
c - Dispersal             Tloc           26%        N/A       1%          6

Your spell library contained the following spells:

 Spells                   Type           Power      Damage    Failure   Level
 Apportation              Tloc           100%       N/A       0%          1
 Lesser Beckoning         Tloc           100%       N/A       1%          2
 Momentum Strike          Conj/Tloc      62%        3d9       1%          2
 Gell's Gravitas          Tloc           52%        N/A       1%          3
 Teleport Other           Tloc           52%        N/A       1%          3
 Volatile Blastmotes      Fire/Tloc      62%        2d15      1%          3
 Dimensional Bullseye     Hex/Tloc       15%        N/A       3%          4
 Iskenderun's Mystic Bla  Conj/Tloc      31%        2d8       3%          4
 Vhi's Electric Charge    Tloc/Air       62%        N/A       3%          4
 Kiss of Death            Conj/Necr      36%        2d8       9%          1
 Magic Dart               Conj           36%        1d4       9%          1
 Sandblast                Erth           18%        2d7       9%          1
 Shock                    Conj/Air       36%        1d5       9%          1
 Slow                     Hex            36%        N/A       9%          1
 Summon Forest            Summ/Tloc      15%        N/A       9%          5
 Ensorcelled Hibernation  Hex/Ice        18%        N/A       13%         2
 Jinxbite                 Hex            18%        N/A       13%         2
 Mercury Vapours          Alch/Air       18%        N/A       13%         2
 Scorch                   Fire           18%        2d5       13%         2
 Searing Ray              Conj           18%        2d5       13%         2
 Static Discharge         Conj/Air       18%        3-4/arc   13%         2
 Sublimation of Blood     Necr           9%         N/A       13%         2
 Call Canine Familiar     Summ           9%         N/A       26%         3
 Confusing Touch          Hex            9%         N/A       26%         3
 Frozen Ramparts          Ice            18%        1d3       26%         3
 Fugue of the Fallen      Necr           9%         N/A       26%         3
 Hailstorm                Conj/Ice       9%         3d6       26%         3
 Inner Flame              Hex/Fire       9%         N/A       26%         3
 Mephitic Cloud           Conj/Alch/Air  9%         N/A       26%         3
 Ozocubu's Armour         Ice            9%         N/A       26%         3
 Passwall                 Erth           9%         N/A       26%         3
 Sigil of Binding         Hex            9%         N/A       26%         3
 Stone Arrow              Conj/Erth      18%        3d8       26%         3
 Summon Ice Beast         Ice/Summ       9%         N/A       26%         3
 Swiftness                Air            9%         N/A       26%         3
 Vampiric Draining        Necr           9%         2d6       26%         3
 Disjunction              Tloc           26%        N/A       63%         8
 Airstrike                Air            4%         2d(1-17)  65%         4
 Animate Armour           Summ/Erth      18%        N/A       65%         4
 Animate Dead             Necr           9%         N/A       65%         4
 Cause Fear               Hex            4%         N/A       65%         4
 Dispel Undead            Necr           9%         3d8       65%         4
 Flame Wave               Conj/Fire      9%         2d6       65%         4
 Fulminant Prism          Conj/Alch      4%         3d5       65%         4
 Ignite Poison            Fire/Alch      9%         N/A       65%         4
 Olgreb's Toxic Radiance  Alch           9%         N/A       65%         4
 Petrify                  Alch/Erth      9%         N/A       65%         4
 Sticky Flame             Fire/Alch      9%         2d5       65%         4
 Summon Lightning Spire   Summ/Air       9%         N/A       65%         4
 Alistair's Intoxication  Alch           6%         N/A       94%         5
 Arcjolt                  Conj/Air       4%         1d14      94%         5
 Borgnjor's Vile Clutch   Necr/Erth      4%         N/A       94%         5
 Fireball                 Conj/Fire      4%         3d4       94%         5
 Freezing Cloud           Conj/Ice/Air   4%         6-21      94%         5
 Irradiate                Conj/Alch      4%         3d13      94%         5
 Metabolic Englaciation   Hex/Ice        4%         N/A       94%         5
 Summon Mana Viper        Hex/Summ       9%         N/A       94%         5
 Yara's Violent Unravell  Hex/Alch       4%         3d4       94%         5
 Bombard                  Conj/Erth      4%         9d2       100%        6
 Conjure Ball Lightning   Conj/Air       4%         3x3d6     100%        6
 Death Channel            Necr           4%         N/A       100%        6
 Permafrost Eruption      Ice/Erth       4%         2x4d3     100%        6
 Sculpt Simulacrum        Ice/Alch       4%         N/A       100%        6
 Starburst                Conj/Fire      4%         6d4       100%        6
 Summon Cactus Giant      Summ           4%         N/A       100%        6
 Enfeeble                 Hex            4%         N/A       100%        7
 Discord                  Hex            4%         N/A       100%        8
 Ignition                 Fire           4%         3d4       100%        8
 Lehudib's Crystal Spear  Conj/Erth      4%         10d3      100%        8
 Maxwell's Capacitive Co  Air            4%         ∞         100%        8
 Chain Lightning          Conj/Air       4%         3d6       100%        9
 Dragon's Call            Summ           4%         N/A       100%        9


Dungeon Overview and Level Annotations

Branches:
Dungeon (15/15)            Temple (1/1) D:6            Lair (5/5) D:10
 Shoals (4/4) Lair:3        Snake (4/4) Lair:2        Slime (5/5) Lair:4
    Orc (2/2) D:9             Elf (3/3) Orc:2        Vaults (5/5) D:13
  Crypt (3/3) Vaults:2       Tomb (3/3) Crypt:3      Depths (4/4) D:15
   Hell (visited)             Dis (7/7) Hell            Geh (7/7) Hell
    Coc (7/7) Hell            Tar (7/7) Hell            Zot (5/5) Depths:4
  IceCv (visited)          WizLab (visited)         Gauntlet (visited)

Altars:
Ashenzari
Cheibriados
Dithmenos
Elyvilon
Fedhas
Gozag
Hepliaklqana
Kikubaaqudgha
Makhleb
Nemelex Xobeh
Okawaru
Qazlal
Ru
Sif Muna
Trog
Uskayaw
Vehumet
Wu Jian
Xom
Yredelemnul
Zin
The Shining One
Beogh
Jiyva

Shops:
D:15 *   Orc:2 !!!=   Shoals:4 (   Snake:3 [   Vaults:1 :   Vaults:2 =:*
Depths:2 !

Portals:
Hell: Depths:1 Depths:2 Depths:3 Depths:4
Abyss: Depths:1 Depths:2 Depths:3
Pandemonium: Depths:2 Depths:3
Ziggurat: Depths:2

Annotations:
D:7 exclusion: downstairs
D:10 exclusions: centaur and 2 gargoyles
Lair:5 2 transporters, arghonaut's ghost, journeyman MDMo
Snake:1 exclusion: downstairs, Izeluntu's ghost, adept DsIE; Liju's ghost, adept SpHu; Qiagusm's ghost, adept DsIE
Snake:4 1 runed translucent door, Ray's ghost, adept CoWr
Dis:1 16 runed translucent doors


Innate Abilities, Weirdness & Mutations

You can wield a second weapon in your off-hand.
It takes a long time for you to wield or remove held weapons.
Your first few attacks do less damage.
You cannot equip rings or amulets.
You are mostly covered in iridescent scales. (AC +4)
Your mind is acute. (Int +4, Str/Dex -1)
You are clumsy. (Dex -2)
Armour fits poorly on your strangely shaped body.
You are frail. (-10% HP)
You are weak. (Str -2)


Message History

Your attack delay is about 0.6 (and cannot be improved with additional weapon skill).
Your damage rating with your +7 double sword of flaming {Paloma} is about 58 (Base 15 x 152% (Dex) x 223% (Skill) + 7 (Ench)).
Your damage rating with your +9 eudemon blade of holy wrath {Araceli} is about 56 (Base 14 x 152% (Dex) x 223% (Skill) + 9 (Ench)).
Your base attributes are Str 15, Int 10, Dex 27.
There is a stone staircase leading up here.
You climb upwards.
There is a stone staircase leading down here.
You see here a +0 dagger.
A red devil comes into view. It is wielding a +0 trident.
The red devil misses you.
You slash the red devil with your +7 double sword of flaming!
The red devil is moderately wounded.
You slash the red devil with your +9 eudemon blade of holy wrath!
The red devil convulses.
You slice the red devil with your +9 eudemon blade of holy wrath!!
You kill the red devil!
The Shining One accepts your kill.
You see here a +0 trident.
There is an open door here.
There is a staircase leading out of the dungeon here.
You are illuminated by a large divine halo.
You are glowing.
You are studying Stealth and Evocations.
Your movement speed is average.
Your attack delay is about 0.6 (and cannot be improved with additional weapon skill).
Your damage rating with your +7 double sword of flaming {Paloma} is about 58 (Base 15 x 152% (Dex) x 223% (Skill) + 7 (Ench)).
Your damage rating with your +9 eudemon blade of holy wrath {Araceli} is about 56 (Base 14 x 152% (Dex) x 223% (Skill) + 9 (Ench)).
Your base attributes are Str 15, Int 10, Dex 27.
You are illuminated by a large divine halo.
You are glowing.
You are studying Stealth and Evocations.
Your movement speed is average.
Your attack delay is about 0.6 (and cannot be improved with additional weapon skill).
Your damage rating with your +7 double sword of flaming {Paloma} is about 58 (Base 15 x 152% (Dex) x 223% (Skill) + 7 (Ench)).
Your damage rating with your +9 eudemon blade of holy wrath {Araceli} is about 56 (Base 14 x 152% (Dex) x 223% (Skill) + 9 (Ench)).
Your base attributes are Str 15, Int 10, Dex 27.
Unknown command.
Unknown command.
You can't go down here!
You have escaped!

#.# #)# # ##'## #
###...### #
###.......### #
##...........##
###.....#'#.....##
......###~###....#
#...###.~≈~.###.@#
#..##..~≈≈≈~..##.#
####>~~≈≈≈≈~~~>###
#############


There were no monsters in sight!

Vanquished Creatures
  Cerebov (Pan)
  Asmodeus (Geh:7)
  the Royal Jelly (Slime:5)
  Dissolution (Slime:5)
  Mnoleg (Pan)
  Gloorx Vloq (Pan)
  Ereshkigal (Tar:7)
  the Serpent of Hell (Geh:7)
  Lom Lobon (Pan)
  Dispater (Dis:7)
  5 dread liches
  4 ancient liches
  Mennas (Vaults:5)
  4 orbs of fire (Zot:5)
  6 juggernauts
  Josephina (Depths:2)
  8 pandemonium lords
  17 royal mummies
  Sojobo (Depths:2)
  7 shard shrikes
  4 Killer Klowns (Zot:5)
  10 caustic shrikes
  Geryon (Hell)
  3 curse toes
  3 golden dragons
  2 profane servitors (Tar:5)
  the Enchantress (Depths:2)
  14 bone dragons
  9 doom hounds
  7 hellephants
  4 iron giants (Dis:7)
  16 Tzitzimimeh
  3 electric golems (Zot:5)
  11 Brimstone Fiends
  18 Ice Fiends
  8 Hell Sentinels
  25 Orb Guardians (Zot:5)
  4 liches
  21 tentacled monstrosities
  4 walking frostbound tomes
  5 deep elf master archers
  7 tainted leviathans
  16 titans
  16 acid blobs
  13 sphinxes
  Asterion (Snake:1)
  9 deep elf blademasters
  2 eldritch tentacles
  6 quicksilver dragons
  17 ancient champions
  Polyphemus (Shoals:4)
  16 searing wretches
  Gastronok (D:8)
  Frances (D:12)
  5 death cobs
  4 krakens (Shoals:1)
  6 tengu reavers
  17 Executioners (Pan)
  Murray (Hell)
  13 storm dragons
  5 protean progenitors (Pan)
  Roxanne (Snake:1)
  7 rockslimes
  4 daevas (Pan)
  13 draconian monks
  6 shadow dragons
  2 revenants
  24 frost giants
  13 azure jellies
  7 narguns
  27 fire giants
  18 demonspawn warmongers (Pan)
  Louise (D:14)
  5 draconian knights
  7 deep elf sorcerers
  9 draconian shifters
  11 nagarajas
  4 quicksilver elementals
  7 ghost moths
  18 draconian scorchers
  5 shard shrike simulacra
  17 vault wardens
  11 draconian stormcallers
  An angel (D:2)
  2 curse skulls (Pan)
  5 caustic shrike skeletons
  17 cacodemons
  5 ghouls
  35 reapers
  39 balrugs
  5 orc warlords
  27 ironbound preservers
  10 draconian annihilators
  8 spriggan defenders
  6 formless jellyfish
  29 stone giants
  14 quicksilver oozes
  11 demonspawn corrupters
  7 demonspawn blood saints (Pan)
  6 black draconians
  2 broodmothers (Pan)
  5 ironbound thunderhulks
  17 very ugly things
  20 elemental wellsprings
  9 green draconians
  Nessos (D:12)
  10 putrid mouths
  7 dire elephants
  8 bennus
  4 lorocyprocas (Pan)
  8 vampire knights
  8 apis (Pan)
  9 deep elf demonologists
  20 purple draconians
  A spectral titan (Tar:5)
  5 deep elf annihilators
  13 yellow draconians
  4 spark wasps
  14 demonspawn black suns (Pan)
  13 red draconians
  11 wendigos
  A minotaur (Gauntlet)
  11 deep elf death magi
  17 war gargoyles
  5 iron golems
  19 white draconians
  20 blizzard demons
  Azrael (Elf:2)
  5 eidola
  14 green deaths
  18 ettins
  10 jiangshi
  The ghost of Qootor the Markself, a journeyman DECj of Vehumet (Snake:1)
  8 merfolk javelineers
  14 yaktaur captains
  A spectral quicksilver dragon (Tar:2)
  19 mummy priests
  4 merfolk impalers
  13 fire dragons
  A spectral golden dragon (Tar:2)
  5 crystal guardians
  7 deep elf high priests
  3 entropy weavers
  3 spriggan zombies
  4 hydras
  6 rakshasas
  2 kraken zombies (Hell)
  7 hell beasts
  A fenstrider witch zombie (Crypt:3)
  13 ice dragons
  11 caustic shrike simulacra
  A spectral spriggan (Tar:1)
  7 juggernaut simulacra
  2 quicksilver dragon skeletons
  14 great orbs of eyes
  2 peacekeepers
  8 salamander tyrants
  43 vault guards
  Erolcha (D:12)
  2 jorogumos (Pan)
  3 ogre magi
  4 merfolk aquamancers
  8 anacondas
  3 catoblepae
  4 merfolk avatars
  12 ironbound frosthearts
  A spark wasp (shapeshifter) (Vaults:5)
  11 centaur warriors
  36 dancing weapons
  13 stokers
  Erica (Lair:2)
  2 death knights
  5 spriggan air magi
  13 death yaks
  4 boulder beetles
  A fenstrider witch skeleton (Crypt:3)
  4 two-headed ogres
  An alligator snapping turtle (Shoals:4)
  74 death scarabs
  9 deep troll shamans
  3 deep troll earth magi
  7 satyrs
  6 tengu warriors
  5 spriggan berserkers
  9 vampire magi
  14 hell hogs
  A thrashing horror (Abyss:1)
  7 orc high priests
  3 spectral emperor scorpions (Pan)
  3 demonic crawlers
  33 hell knights
  2 spectral dire elephants (Tar:5)
  9 occultists
  2 titan zombies (Crypt:3)
  25 deep elf knights
  5 crystal echidnas
  14 naga sharpshooters
  10 naga warriors
  6 shock serpents
  3 pharaoh ants (Coc:6)
  A skyshark (Shoals:2)
  53 sun demons
  38 skeletal warriors
  9 shadow wraiths
  24 soul eaters
  2 spark wasp zombies (D:15)
  6 iron trolls
  2 cherubim (Pan)
  9 salamander mystics
  2 quicksilver dragon simulacra (Coc:7)
  23 sixfirhies
  A spectral catoblepas (Gauntlet)
  4 hellephant skeletons (Pan)
  2 spectral bunyips
  A death drake (shapeshifter) (Vaults:5)
  74 deep trolls
  A glowing orange brain (shapeshifter) (Vaults:5)
  14 sea snakes
  9 large abominations
  8 mana vipers
  8 flayed ghosts
  5 bog bodies
  5 shadow demons (Pan)
  11 arcanists
  A spectral hydra (Tar:2)
  11 lindwurms
  8 spriggan simulacra
  2 obsidian bats (Orc:2)
  A swamp dragon (WizLab)
  19 deep elf archers
  9 glowing orange brains
  23 ironbound convokers
  3 sun moths (Pan)
  4 naga ritualists
  A golden dragon skeleton (Crypt:1)
  15 orc knights
  A stone giant zombie (Crypt:3)
  7 phantasmal warriors
  16 harpies
  A shadow dragon skeleton (Crypt:1)
  28 deep elf zephyrmancers
  An anaconda skeleton (Crypt:3)
  34 deep elf pyromancers
  16 necromancers
  2 iron dragon zombies
  2 human zombies
  11 fauns
  8 shining eyes
  24 ugly things
  18 manticores
  9 orc sorcerers
  25 salamanders
  4 Executioner simulacra (Pan)
  A goliath frog skeleton (Crypt:2)
  3 worldbinders (WizLab)
  An elephant (shapeshifter) (Depths:2)
  A toenail golem (Depths:4)
  6 cyclopes
  25 moths of wrath
  3 kobold blastminers (Orc:2)
  3 merfolk sirens
  2 ice statues
  A spectral centaur (Tar:2)
  15 elephants
  2 centaur zombies
  13 naga magi
  An apocalypse crab (Abyss:3)
  16 vault sentinels
  5 molten gargoyles (Hell)
  10 rust devils
  2 dire elephant zombies
  3 water nymphs
  6 guardian serpents
  7 titan simulacra
  A torpor snail (shapeshifter) (Vaults:5)
  32 black mambas
  A black mamba (shapeshifter) (Abyss:3)
  23 smoke demons
  A torpor snail (Lair:3)
  10 eyes of devastation
  15 orange demons
  An alligator snapping turtle zombie (Tomb:3)
  2 centaur skeletons (Crypt:3)
  13 cane toads
  An unseen horror (D:13)
  3 komodo dragons
  A komodo dragon (shapeshifter) (D:13)
  7 freezing wraiths
  A bunyip simulacrum (Coc:1)
  A dire elephant skeleton (Hell)
  8 anaconda simulacra
  A rime drake (Lair:2)
  A golden dragon simulacrum (Coc:7)
  19 hellions
  31 yaktaurs
  12 tormentors
  6 ice devils (Pan)
  2 ancient zymes (Abyss:3)
  An iron giant simulacrum (Coc:7)
  Psyche (D:10)
  An iron troll zombie (Crypt:2)
  4 efreet
  A catoblepas skeleton (Crypt:2)
  4 tengu conjurers
  3 silent spectres
  2 hydra zombies (Hell)
  6 red devils
  A sea snake skeleton (Hell)
  A spectral harpy (Tar:5)
  18 merfolk
  36 guardian mummies
  2 harpy zombies
  A queen bee (Gauntlet)
  A queen bee (shapeshifter) (Elf:2)
  7 trolls
  A death yak skeleton (Crypt:1)
  2 polar bears
  2 tengu simulacra (Depths:2)
  A polar bear (shapeshifter) (Vaults:5)
  12 hellwings
  10 glass eyes
  9 hornets
  A shadow dragon simulacrum (Coc:1)
  4 wind drakes
  2 alligator simulacra (IceCv)
  Prince Ribbit (D:7)
  2 hydra skeletons
  6 harpy skeletons
  10 dream sheep
  A dream sheep (shapeshifter) (Vaults:5)
  8 blink frogs
  2 iron dragon simulacra
  9 snapping turtles
  A spectral black mamba (Gauntlet)
  A stone giant simulacrum (Coc:5)
  A fire giant simulacrum (Depths:2)
  71 slime creatures
  A black mamba zombie (Crypt:1)
  A vampire (D:12)
  5 shadows
  5 spriggans (Depths:3)
  An air elemental (Elf:3)
  3 spriggan skeletons
  A naga simulacrum (Coc:7)
  4 dire elephant simulacra
  15 water elementals
  7 wraiths
  2 alligator snapping turtle simulacra (Coc:1)
  3 ettin skeletons
  13 ynoxinuls (Pan)
  A slime creature zombie (Crypt:1)
  27 yaks
  18 ushabtiu
  Grum (D:8)
  3 basilisks
  A wyvern (D:9)
  2 fire elementals
  3 starcursed masses (Abyss:3)
  9 wargs
  19 neqoxecs
  13 vampire mosquitoes
  21 chaos spawn
  13 harpy simulacra
  3 swamp worms (Gauntlet)
  43 nagas
  A swamp worm (shapeshifter) (Vaults:5)
  2 acid dragons (D:11)
  6 hydra simulacra
  A fire bat skeleton (Crypt:1)
  12 hell hounds
  A naga skeleton (Crypt:2)
  14 water moccasins
  6 black bears
  A water nymph skeleton (Crypt:2)
  A demonspawn skeleton (Tomb:3)
  2 ice beasts
  2 elephant zombies
  5 ettin simulacra
  39 orc warriors
  12 ogres
  25 laughing skulls
  5 boggarts (Vaults:3)
  10 centaurs
  2 phantoms
  A torpor snail zombie (Crypt:2)
  37 wolves
  2 vine stalker zombies (Crypt:2)
  A weeping skull (Abyss:3)
  12 bullfrogs
  A brain worm (Abyss:1)
  Blork the orc (D:6)
  A scorpion (D:10)
  A gnoll sergeant (D:13)
  2 earth elementals
  5 small abominations
  A yaktaur skeleton (Crypt:2)
  13 wights
  17 killer bees
  A yak zombie (Crypt:1)
  2 howler monkeys (D:8)
  8 electric eels
  A hound (D:6)
  A quasit (Abyss:3)
  A gnoll bouda (D:7)
  25 orc priests
  3 jellies
  3 iguanas
  A sleepcap (D:6)
  25 orc wizards
  A basilisk skeleton (Crypt:1)
  28 mummies
  10 gnolls
  3 adders
  A shadow imp (D:6)
  A white imp (D:5)
  4 ufetubi
  6 dart slugs
  2 ribbon worms
  111 orcs
  2 endoplasms (D:1)
  4 giant cockroaches
  A gnoll zombie (Crypt:1)
  13 goblins
  7 hobgoblins
  10 jackals
  A quokka (D:1)
  6 ball pythons
  6 bats
  7 frilled lizards
  A frilled lizard skeleton (Crypt:1)
  10 kobolds
  5 rats
  An aspiring flesh (Pan)
  3 creeping infernos
  8 fire vortices
  23 tentacles
3735 creatures vanquished.

Vanquished Creatures (collateral kills)
  Antaeus (Coc:7)
  A shard shrike (Coc:7)
  2 profane servitors (Tar:2)
  3 titans
  A frost giant (Coc:7)
  An elemental wellspring (Coc:7)
  A wendigo (Coc:7)
  An ice dragon (Coc:7)
  A stoker (Geh:7)
  A stone giant simulacrum (Coc:6)
  A harpy simulacrum (Coc:6)
14 creatures vanquished.

Vanquished Creatures (others)
  A pandemonium lord (Pan)
  A hellephant (Geh:6)
  A titan (Coc:5)
  An eldritch tentacle (Pan)
  A fire giant (Hell)
  A draconian knight (Zot:5)
  2 shard shrike simulacra
  A demonspawn blood saint (Pan)
  A yellow draconian (Zot:5)
  A rakshasa (Depths:1)
  A juggernaut simulacrum (Coc:5)
  A stoker (Geh:7)
  A quicksilver dragon simulacrum (Coc:5)
  A titan simulacrum (Coc:6)
  A black mamba (Snake:2)
  A storm dragon simulacrum (Depths:2)
  A kobold demonologist (Pan)
  An anaconda simulacrum (Coc:6)
  A tormentor (Coc:5)
  A stone giant simulacrum (Coc:5)
  2 dire elephant simulacra (Coc:7)
  A harpy simulacrum (Coc:3)
  A boggart (Vaults:3)
  2 gnolls (D:13)
  24 tentacles
51 creatures vanquished.

Grand Total: 3800 creatures vanquished

Notes
Turn   | Place    | Note
-------+----------+-------------------------------------------
     0 | D:1      | Tanach the Coglin Gladiator began the quest for the Orb.
     0 | D:1      | Reached XP level 1. HP: 16/16 MP: 1/1
   110 | D:1      | Reached XP level 2. HP: 21/22 MP: 2/2
   321 | D:1      | Reached XP level 3. HP: 27/27 MP: 3/3
   687 | D:1      | Found a faded altar of an unknown god.
  1053 | D:2      | Reached XP level 4. HP: 24/33 MP: 4/4
  1138 | D:2      | Reached skill level 5 in Long Blades
  1789 | D:2      | Reached skill level 1 in Evocations
  2187 | D:3      | Reached XP level 5. HP: 38/38 MP: 5/5
  2928 | D:4      | Noticed a phantom
  2940 | D:4      | Killed a phantom
  2941 | D:4      | Reached XP level 6. HP: 29/44 MP: 6/6
  3127 | D:4      | Found a sparkling altar of Nemelex Xobeh.
  3358 | D:4      | Found a shimmering blue altar of Sif Muna.
  3696 | D:5      | Entered Level 5 of the Dungeon
  3713 | D:5      | Found a hide-covered altar of Uskayaw.
  3877 | D:5      | Reached skill level 5 in Evocations
  3939 | D:5      | Reached skill level 1 in Stealth
  3939 | D:5      | Reached XP level 7. HP: 40/51 MP: 7/7
  4260 | D:5      | Found an ornate altar of the Wu Jian Council.
  4300 | D:5      | Found a stormy altar of Qazlal.
  4304 | D:5      | Found a radiant altar of Vehumet.
  4304 | D:5      | Found a burning altar of Makhleb.
  4336 | D:5      | You fall into a shaft and drop 1 floor!
  4577 | D:6      | Noticed Blork the orc
  4584 | D:6      | Killed Blork the orc
  4585 | D:6      | Reached XP level 8. HP: 12/60 MP: 8/8
  4900 | D:6      | Found a staircase to the Ecumenical Temple.
  5449 | Temple   | Entered the Ecumenical Temple
  5457 | Temple   | Became a worshipper of Warmaster Okawaru
  5838 | D:7      | Reached skill level 1 in Invocations
  6249 | D:7      | Found a broken altar of Ashenzari.
  6253 | D:7      | Saw a vision of the Shoals and the Snake Pit.
  6253 | D:7      | Noticed a snapping turtle
  6253 | D:7      | Noticed a merfolk siren
  6253 | D:7      | Noticed a skyshark
  6253 | D:7      | Noticed a snapping turtle
  6253 | D:7      | Noticed a merfolk siren
  6253 | D:7      | Noticed a sea snake
  6254 | D:7      | Noticed a black mamba
  6254 | D:7      | Noticed a salamander
  6255 | D:7      | Noticed a black mamba
  6256 | D:7      | Noticed a black mamba
  6426 | D:7      | Noticed Prince Ribbit
  6439 | D:7      | Killed Prince Ribbit
  6439 | D:7      | Reached * piety under Okawaru
  6954 | D:8      | Reached XP level 9. HP: 65/65 MP: 11/11
  7290 | D:8      | Noticed Gastronok
  7586 | D:8      | Reached skill level 10 in Long Blades
  7627 | D:8      | Noticed Grum
  7673 | D:8      | Killed Grum
  7673 | D:8      | Reached ** piety under Okawaru
  7674 | D:8      | Reached skill level 1 in Armour
  8051 | D:9      | Learned a level 4 spell: Manifold Assault
  8052 | D:9      | Found a staircase to the Orcish Mines.
  8178 | D:9      | Reached skill level 5 in Fighting
  8226 | D:9      | Reached XP level 10. HP: 74/74 MP: 12/12
  8229 | D:9      | Reached skill level 5 in Dodging
  8318 | D:9      | Noticed a two-headed ogre
  8331 | D:9      | Killed a two-headed ogre
  8331 | D:9      | Reached *** piety under Okawaru
  8896 | D:10     | Entered Level 10 of the Dungeon
  8987 | D:10     | Reached **** piety under Okawaru
  8988 | D:10     | Reached skill level 5 in Invocations
  9004 | D:10     | Noticed Psyche
  9024 | D:10     | Killed Psyche
  9258 | D:10     | Found a staircase to the Lair.
  9258 | D:10     | Noticed an elephant
  9272 | D:10     | Killed an elephant
  9331 | D:10     | Noticed a gargoyle
  9393 | D:10     | Reached XP level 11. HP: 44/81 MP: 14/14
  9499 | D:11     | Reached ***** piety under Okawaru
  9655 | D:11     | Found a glowing golden altar of the Shining One.
 10265 | D:12     | Noticed a boulder beetle
 10295 | D:12     | Received a gift from Okawaru
 10301 | D:12     | Noticed Nessos
 10301 | D:12     | Noticed a manticore
 10306 | D:12     | Killed a manticore
 10375 | D:12     | Killed a boulder beetle
 10385 | D:12     | Noticed Erolcha
 10399 | D:12     | Noticed Frances
 10415 | D:12     | Killed Frances
 10415 | D:12     | Received a gift from Okawaru
 10428 | D:12     | Noticed a centaur warrior
 10429 | D:12     | HP: 3/86 [centaur warrior/arrow (19)]
 10437 | D:12     | Killed a centaur warrior
 10599 | Lair:1   | Entered Level 1 of the Lair of Beasts
 10743 | Lair:1   | Reached XP level 12. HP: 68/92 MP: 15/15
 11092 | Lair:1   | Found a blossoming altar of Fedhas.
 11104 | Lair:1   | Received a gift from Okawaru
 11576 | Lair:2   | Noticed Erica
 11585 | Lair:2   | Killed Erica
 12025 | Lair:2   | Received a gift from Okawaru
 12053 | Lair:2   | Found a staircase to the Snake Pit.
 12634 | Lair:3   | Reached XP level 13. HP: 103/103 MP: 16/16
 12635 | Lair:3   | Reached skill level 10 in Fighting
 12723 | Lair:3   | Reached skill level 10 in Dodging
 12731 | Lair:3   | Received a gift from Okawaru
 13027 | Lair:3   | You fall into a shaft and drop 2 floors!
 13027 | Lair:5   | Entered Level 5 of the Lair of Beasts
 13140 | Lair:5   | Found a transporter.
 13439 | Lair:4   | Reached skill level 5 in Stealth
 13519 | Lair:4   | Reached skill level 5 in Armour
 13525 | Lair:4   | Received a gift from Okawaru
 13982 | Lair:4   | Found a viscous altar of Jiyva.
 13982 | Lair:4   | Found a staircase to the Slime Pits.
 14264 | Lair:3   | Found a staircase to the Shoals.
 14290 | Lair:3   | Reached skill level 1 in Translocations
 14822 | Orc:1    | Entered Level 1 of the Orcish Mines
 14822 | Orc:1    | Found a bloodstained altar of Trog.
 14919 | Orc:1    | Paralysed by a hornet for 2 turns
 14941 | Orc:1    | Received a gift from Okawaru
 15054 | Orc:1    | Reached XP level 14. HP: 84/110 MP: 16/18
 15229 | Orc:2    | Entered Level 2 of the Orcish Mines
 15253 | Orc:2    | Acquired a tuning booster {rC+ Will+ Regen+ RegenMP+}
 15386 | Orc:2    | Noticed an orc warlord
 15417 | Orc:2    | Reached skill level 5 in Translocations
 15522 | Orc:2    | Killed an orc warlord
 15650 | Orc:2    | Found a staircase to the Elven Halls.
 15998 | Orc:2    | Reached ****** piety under Okawaru
 16005 | Orc:2    | Acquired the +0 demon blade of Fasudium {drain, rElec rF+
                  | MP+9}
 16005 | Orc:2    | Received a gift from Okawaru
 16008 | Orc:2    | Acquired the +0 hat of the Merchant {rPois rCorr SInv}
 16008 | Orc:2    | Received a gift from Okawaru
 16326 | Orc:2    | Found Efroum's Distillery.
 16351 | Orc:2    | Bought a potion of magic for 144 gold pieces
 16351 | Orc:2    | Bought a potion of magic for 144 gold pieces
 16351 | Orc:2    | Bought a potion of might for 72 gold pieces
 16351 | Orc:2    | Bought a potion of brilliance for 72 gold pieces
 16351 | Orc:2    | Bought 2 potions of cancellation for 288 gold pieces
 16390 | Orc:2    | Found Mamoi's Jewellery Boutique.
 16440 | Orc:2    | Found a roughly hewn altar of Beogh.
 16440 | Orc:2    | Noticed an orc warlord
 16466 | Orc:2    | Killed an orc warlord
 16520 | Orc:2    | Received a gift from Okawaru
 16676 | Orc:2    | Found a roughly hewn altar of Beogh.
 16845 | Orc:2    | Found Mifacood's Distillery.
 16862 | Orc:2    | Bought a potion of lignification for 39 gold pieces
 16862 | Orc:2    | Bought a potion of might for 52 gold pieces
 16862 | Orc:2    | Bought a potion of enlightenment for 65 gold pieces
 16876 | Orc:2    | Found Cuxtir's Distillery.
 16904 | Orc:2    | Bought a potion of invisibility for 120 gold pieces
 16904 | Orc:2    | Bought a potion of ambrosia for 120 gold pieces
 17057 | Orc:1    | Reached skill level 10 in Translocations
 17409 | Lair:4   | Reached skill level 1 in Spellcasting
 17439 | Lair:5   | Received a gift from Okawaru
 17544 | Lair:5   | Found a transporter.
 17549 | Lair:5   | Noticed arghonaut's ghost (journeyman MDMo)
 17717 | Lair:5   | Reached XP level 15. HP: 76/115 MP: 7/21
 17745 | Lair:5   | Identified the +0 leather armour of Pantheism {-Cast Harm
                  | rC- Dex+7}
 17814 | Lair:5   | Received a gift from Okawaru
 18270 | Snake:1  | Entered Level 1 of the Snake Pit
 18314 | Snake:1  | Noticed Roxanne
 18418 | Snake:1  | Killed Roxanne
 18693 | Snake:1  | Received a gift from Okawaru
 18885 | Snake:1  | Noticed Asterion
 18898 | Snake:1  | Killed Asterion
 18998 | Snake:1  | Found a runed translucent gate.
 18998 | Snake:1  | Found a runed translucent gate.
 18998 | Snake:1  | Found a runed translucent gate.
 18999 | Snake:1  | Noticed Qiagusm's ghost (adept DsIE)
 19000 | Snake:1  | Noticed Liju's ghost (adept SpHu)
 19000 | Snake:1  | Noticed Qootor's ghost (journeyman DECj)
 19000 | Snake:1  | Noticed Izeluntu's ghost (adept DsIE)
 19210 | Arena    | Entered the Arena
 19241 | Arena    | Entered the Arena
 19276 | Snake:2  | Received a gift from Okawaru
 19395 | Snake:2  | Noticed a nagaraja
 19411 | Snake:2  | Killed a nagaraja
 19956 | Snake:2  | Reached XP level 16. HP: 67/125 MP: 15/22
 20219 | Snake:2  | Received a gift from Okawaru
 20396 | Snake:2  | Reached skill level 15 in Long Blades
 20568 | Snake:2  | Noticed a nagaraja
 20572 | Snake:2  | Killed a nagaraja
 20819 | Snake:3  | Noticed a nagaraja
 20878 | Snake:3  | Killed a nagaraja
 20977 | Snake:3  | Paralysed by a salamander for 4 turns
 21411 | Snake:3  | Received a gift from Okawaru
 21419 | Snake:3  | Noticed a nagaraja
 21423 | Snake:3  | Killed a nagaraja
 21683 | Snake:3  | Identified the +8 orcbow "Newut" {drain, Int+3}
 21797 | Snake:3  | Found Favomp's Armour Shoppe.
 21882 | Snake:4  | Entered Level 4 of the Snake Pit
 22058 | Snake:4  | Noticed a nagaraja
 22062 | Snake:4  | Killed a nagaraja
 22344 | Snake:4  | Received a gift from Okawaru
 22462 | Snake:4  | Noticed a nagaraja
 22471 | Snake:4  | Killed a nagaraja
 22604 | Snake:4  | Reached XP level 17. HP: 135/135 MP: 24/24
 22707 | Snake:4  | Found a runed translucent door.
 22713 | Snake:4  | Noticed Ray's ghost (adept CoWr)
 23100 | Snake:4  | Received a gift from Okawaru
 23270 | Snake:4  | Got a serpentine rune of Zot
 24106 | Snake:1  | Killed Qootor's ghost
 24254 | Snake:1  | Identified the +0 cloak "Beimoppa" {^Contam rF+ rC+ Dex+4}
 24350 | Shoals:1 | Entered Level 1 of the Shoals
 24383 | Shoals:1 | Found a glacial archway.
 24396 | Shoals:1 | Reached skill level 10 in Invocations
 24405 | IceCv    | Entered an ice cave
 24429 | IceCv    | Found a transporter.
 24444 | IceCv    | Found a transporter.
 24742 | Shoals:1 | Noticed a kraken
 24760 | Shoals:1 | Killed a kraken
 24834 | Shoals:1 | Received a gift from Okawaru
 24874 | Shoals:1 | Noticed a kraken
 24885 | Shoals:1 | Killed a kraken
 24885 | Shoals:1 | Noticed a kraken
 24955 | Shoals:1 | Killed a kraken
 25069 | Shoals:1 | Noticed a kraken
 25087 | Shoals:1 | Killed a kraken
 25583 | Shoals:2 | Received a gift from Okawaru
 26558 | Shoals:3 | Reached XP level 18. HP: 142/145 MP: 15/25
 26781 | Shoals:4 | Entered Level 4 of the Shoals
 26781 | Shoals:4 | Noticed Polyphemus
 26795 | Shoals:3 | Received a gift from Okawaru
 26845 | Shoals:4 | Killed Polyphemus
 27168 | Shoals:4 | Identified the +1 robe of Yredelemnul's Delight {rN+ SInv}
 27555 | Shoals:4 | Found Yptucs's Antique Weapon Boutique.
 27674 | Shoals:4 | Got a barnacled rune of Zot
 27730 | Shoals:4 | Received a gift from Okawaru
 28389 | Elf:1    | Entered Level 1 of the Elven Halls
 28796 | Elf:1    | Reached skill level 15 in Fighting
 28805 | Elf:1    | Received a gift from Okawaru
 29415 | Elf:1    | Found a shimmering blue altar of Sif Muna.
 29582 | Elf:2    | Found a runed translucent gate.
 29582 | Elf:2    | Found a runed translucent gate.
 29583 | Elf:2    | Found a runed translucent gate.
 30025 | Elf:2    | Received a gift from Okawaru
 30075 | Elf:2    | Reached skill level 15 in Dodging
 30083 | Elf:2    | Reached XP level 19. HP: 150/157 MP: 5/26
 30284 | Elf:2    | Noticed Azrael
 30297 | Elf:2    | Killed Azrael
 31150 | Elf:3    | Entered Level 3 of the Elven Halls
 31656 | Elf:3    | Received a gift from Okawaru
 32247 | Elf:3    | Identified the +1 shortbow of Spite {flame, Fly rPois
                  | Will-}
 32254 | Elf:3    | Received a gift from Okawaru
 32255 | Elf:3    | Identified the ring "Komuusedd" {^Drain rElec rC+ rCorr
                  | Int+3}
 32308 | Elf:3    | Got Xog Vuass's Papyrus of Cold and Destiny
 32316 | Elf:3    | Got the Secrets of Topography
 32322 | Elf:3    | Identified the +5 triple crossbow of Checks and Balances
                  | {penet, *Corrode Fly Will+ Stlth+}
 33045 | D:12     | Killed Erolcha
 33280 | D:12     | Killed Nessos
 33803 | D:13     | Found a gate to the Vaults.
 34365 | D:14     | Identified the +1 robe "Hocw" {rC+}
 34371 | D:14     | Reached XP level 20. HP: 162/168 MP: 14/28
 34484 | D:14     | Found a gate leading to a gauntlet.
 34493 | Gauntlet | Entered a Gauntlet
 34493 | Gauntlet | Found a transporter.
 34500 | Gauntlet | Found a transporter.
 34503 | Gauntlet | Found a transporter.
 34514 | Gauntlet | Found a transporter.
 34517 | Gauntlet | Found a transporter.
 34528 | Gauntlet | Found a transporter.
 34541 | Gauntlet | Found a transporter.
 34552 | Gauntlet | Found a transporter.
 34563 | Gauntlet | Found a transporter.
 34570 | Gauntlet | Found a runed translucent door.
 34573 | Gauntlet | Found a runed translucent door.
 34575 | Gauntlet | Found a transporter.
 34575 | Gauntlet | Found a transporter.
 34577 | Gauntlet | Found a transporter.
 34597 | Gauntlet | Found a transporter.
 34603 | Gauntlet | Found a transporter.
 34786 | Gauntlet | Received a gift from Okawaru
 34867 | Gauntlet | Got the Incunable of Manifold Breccia
 34874 | Gauntlet | Learned a level 2 spell: Blink
 34881 | Gauntlet | Learned a level 6 spell: Dispersal
 35014 | D:14     | Noticed Louise
 35023 | D:14     | Killed Louise
 35343 | D:15     | Entered Level 15 of the Dungeon
 35572 | D:15     | Found a staircase to the Depths.
 35990 | D:15     | Found a sparkling altar of Nemelex Xobeh.
 36023 | D:15     | Found Ymil's Hallowed Reliquary.
 36029 | D:15     | Bought a potion of heal wounds for 75 gold pieces
 36029 | D:15     | Bought a +2 ring mail of positive energy for 270 gold
                  | pieces
 36177 | Vaults:1 | Entered Level 1 of the Vaults
 36768 | Vaults:1 | Received a gift from Okawaru
 37374 | Vaults:1 | Found Giezy's Book Boutique.
 37774 | Vaults:2 | Found Paoxatwi's Book Shoppe.
 37778 | Vaults:2 | Received a gift from Okawaru
 37789 | Vaults:2 | Found Syco's Assorted Antiques.
 37799 | Vaults:2 | Bought a potion of haste for 370 gold pieces
 37821 | Vaults:2 | Reached XP level 21. HP: 177/177 MP: 30/30
 37855 | Vaults:2 | Found a magical portal.
 37865 | WizLab   | Entered Alistair's Party Mansion
 38076 | WizLab   | Got the Handbook of Transformation
 38084 | WizLab   | Acquired a +4 double sword of flaming
 38348 | Vaults:2 | Received a gift from Okawaru
 38557 | Vaults:2 | Found a staircase to the Crypt.
 38901 | Vaults:2 | Found Mekk's Jewellery Shoppe.
 39164 | Vaults:2 | Received a gift from Okawaru
 39889 | Vaults:3 | Received a gift from Okawaru
 39908 | Vaults:3 | Reached XP level 22. HP: 188/188 MP: 31/31
 40221 | Vaults:3 | You fall into a shaft and drop 1 floor!
 40573 | Vaults:4 | Received a gift from Okawaru
 40878 | Vaults:3 | Acquired a manual of Stealth
 41146 | Vaults:4 | Received a gift from Okawaru
 41960 | Vaults:4 | Received a gift from Okawaru
 42000 | Vaults:4 | Gained mutation: Your body sometimes deteriorates upon
                  | taking damage. [potion of mutation]
 42000 | Vaults:4 | Gained mutation: You are frail. (-10% HP) [potion of
                  | mutation]
 42001 | Vaults:4 | Lost mutation: You are frail. (-10% HP) [potion of
                  | mutation]
 42001 | Vaults:4 | Lost mutation: Your body sometimes deteriorates upon taking
                  | damage. [potion of mutation]
 42001 | Vaults:4 | Gained mutation: You are occasionally teleported next to
                  | monsters. [potion of mutation]
 42001 | Vaults:4 | Gained mutation: You are robust. (+10% HP) [potion of
                  | mutation]
 42002 | Vaults:4 | Lost mutation: You are occasionally teleported next to
                  | monsters. [potion of mutation]
 42002 | Vaults:4 | Lost mutation: You are robust. (+10% HP) [potion of
                  | mutation]
 42002 | Vaults:4 | Gained mutation: Your mind is acute. (Int +4, Str/Dex -1)
                  | [potion of mutation]
 42002 | Vaults:4 | Gained mutation: You are partially covered in iridescent
                  | scales. (AC +2) [potion of mutation]
 42002 | Vaults:4 | Gained mutation: You are mostly covered in iridescent
                  | scales. (AC +4) [potion of mutation]
 42024 | Vaults:5 | Entered Level 5 of the Vaults
 42027 | Vaults:5 | Noticed Mennas
 42253 | Vaults:5 | Killed Mennas
 42254 | Vaults:5 | Reached XP level 23. HP: 150/196 MP: 32/32
 42393 | Vaults:5 | Got a silver rune of Zot
 42435 | Vaults:5 | Found the ring of Shadows {Umbra +Inv Stlth+}
 42588 | Vaults:5 | Received a gift from Okawaru
 42659 | Vaults:5 | Reached skill level 10 in Armour
 43163 | Vaults:5 | Got the Parchment of the Chthonic Volley
 43230 | Vaults:5 | Identified the +1 acid dragon scales "Jibi" {rPois rCorr
                  | Dex+4}
 43235 | Vaults:5 | Identified the +6 scale mail of Delao {rN+ Int+4}
 43268 | Vaults:5 | Noticed an ancient lich
 43276 | Vaults:5 | Killed an ancient lich
 43535 | Vaults:5 | Received a gift from Okawaru
 43538 | Vaults:5 | Found the dreamshard necklace {Acrobat *Dream}
 43561 | Vaults:5 | Noticed a golden dragon
 43566 | Vaults:5 | Killed a golden dragon
 43654 | Vaults:5 | Found the +8 longbow "Zephyr" {speed, Dex+3 SInv}
 43790 | Vaults:5 | Identified the +7 plate armour of the Sailor {rElec Dex+3}
 44180 | Depths:1 | Entered Level 1 of the Depths
 44343 | Depths:1 | Reached skill level 5 in Spellcasting
 44689 | Depths:1 | Found a one-way gate to the infinite horrors of the Abyss.
 44751 | Depths:1 | Reached XP level 24. HP: 206/206 MP: 34/34
 44869 | Depths:1 | Found a gateway to Hell.
 45235 | Depths:2 | Noticed Sojobo
 45248 | Depths:2 | Received a gift from Okawaru
 45258 | Depths:2 | Killed Sojobo
 45506 | Depths:2 | Found Zejuv's Distillery.
 45511 | Depths:2 | Bought a potion of might for 80 gold pieces
 45511 | Depths:2 | Bought a potion of attraction for 60 gold pieces
 45511 | Depths:2 | Bought a potion of attraction for 60 gold pieces
 45643 | Depths:2 | Found a one-way gateway to a ziggurat.
 45714 | Depths:2 | Identified the +5 glaive "Myixo" {flame, rPois Will+ rCorr
                  | Stlth-}
 45737 | Depths:2 | Noticed the Enchantress
 45745 | Depths:2 | Killed the Enchantress
 45795 | Depths:2 | Received a gift from Okawaru
 45803 | Depths:2 | Identified the ring of Xudghad {Ice rPois rN+ rCorr Str+3
                  | Stlth-}
 45803 | Depths:2 | Noticed Josephina
 45816 | Depths:2 | Killed Josephina
 46464 | Depths:2 | Found a one-way gate leading to the halls of Pandemonium.
 46773 | Depths:3 | Reached skill level 15 in Translocations
 47504 | Depths:3 | Noticed a juggernaut
 47504 | Depths:3 | Noticed a juggernaut
 47507 | Depths:3 | Noticed a caustic shrike
 47510 | Depths:3 | Killed a caustic shrike
 47511 | Depths:3 | Killed a juggernaut
 47511 | Depths:3 | Noticed an ancient lich
 47513 | Depths:3 | Killed a juggernaut
 47513 | Depths:3 | Received a gift from Okawaru
 47514 | Depths:3 | Reached XP level 25. HP: 212/212 MP: 15/36
 47523 | Depths:3 | Killed an ancient lich
 47922 | Depths:4 | Entered Level 4 of the Depths
 48199 | Depths:4 | Reached skill level 10 in Stealth
 48260 | Depths:4 | Identified the +1 chain mail "Elorr" {Int+6}
 48431 | Depths:4 | Received a gift from Okawaru
 48514 | Depths:4 | Found a gate to the Realm of Zot.
 48777 | Zot:1    | Entered Level 1 of the Realm of Zot
 48785 | Zot:1    | Reached skill level 10 in Spellcasting
 48794 | Zot:1    | Noticed a juggernaut
 48811 | Zot:1    | Killed a juggernaut
 49821 | Zot:2    | Received a gift from Okawaru
 50918 | Zot:3    | Reached XP level 26. HP: 222/222 MP: 35/38
 50969 | Zot:3    | Received a gift from Okawaru
 52205 | Zot:4    | Found a basalt altar of Yredelemnul.
 52261 | Zot:4    | Got Meonot's Elucidation of Fire and Brimstone
 52431 | Zot:4    | Received a gift from Okawaru
 52634 | Zot:5    | Entered Level 5 of the Realm of Zot
 52687 | Zot:5    | Noticed an orb of fire
 53006 | Zot:5    | Noticed a Killer Klown
 53065 | Zot:5    | Noticed an orb of fire
 53074 | Zot:5    | Killed an orb of fire
 53118 | Zot:5    | Noticed a Killer Klown
 53126 | Zot:5    | Killed a Killer Klown
 53279 | Zot:5    | Noticed a Killer Klown
 53310 | Zot:5    | Killed a Killer Klown
 53619 | Zot:5    | Received a gift from Okawaru
 53641 | Zot:5    | Noticed an orb of fire
 53650 | Zot:5    | Killed an orb of fire
 53659 | Zot:5    | Reached XP level 27. HP: 231/231 MP: 14/39
 53711 | Zot:5    | Noticed an orb of fire
 53715 | Zot:5    | Gained mutation: You are frail. (-10% HP) [an orb of fire]
 53722 | Zot:5    | Killed an orb of fire
 53818 | Zot:5    | Noticed an ancient lich
 53822 | Zot:5    | Noticed an orb of fire
 53828 | Zot:5    | Killed an ancient lich
 53837 | Zot:5    | Killed an orb of fire
 53850 | Zot:5    | Noticed a dread lich
 53861 | Zot:5    | Killed a dread lich
 53864 | Zot:5    | Noticed an ancient lich
 53874 | Zot:5    | Killed an ancient lich
 53874 | Zot:5    | Received a gift from Okawaru
 54316 | Depths:1 | Voluntarily entered the Abyss.
 54348 | Abyss:1  | Found a corrupted altar of Lugonu.
 54506 | Abyss:1  | Found a corrupted altar of Lugonu.
 54531 | Abyss:1  | Found a corrupted altar of Lugonu.
 54584 | Abyss:2  | Found a corrupted altar of Lugonu.
 54588 | Abyss:3  | Found a corrupted altar of Lugonu.
 54705 | Abyss:3  | Got an abyssal rune of Zot
 54853 | Depths:1 | Escaped the Abyss
 55076 | Slime:1  | Entered Level 1 of the Pits of Slime
 55129 | Slime:5  | Entered Level 5 of the Pits of Slime
 55216 | Slime:5  | Noticed the Royal Jelly
 55225 | Slime:5  | Killed the Royal Jelly
 55239 | Slime:5  | Noticed Dissolution
 55248 | Slime:5  | Killed Dissolution
 55248 | Slime:5  | Received a gift from Okawaru
 55366 | Slime:5  | Reached skill level 15 in Invocations
 55396 | Slime:5  | Identified the ring "Buolaef" {AC+4 Int+4}
 55399 | Slime:5  | Got a starry gem with 358 turns to spare
 55403 | Slime:5  | Got a slimy rune of Zot
 55404 | Slime:5  | Identified the +4 falchion "Qacuga" {vamp, Int+4 Dex-4}
 55624 | D:11     | Fell from the grace of Okawaru
 55624 | D:11     | Became a worshipper of the Shining One
 55816 | Crypt:1  | Entered Level 1 of the Crypt
 55872 | Crypt:1  | Reached * piety under the Shining One
 55912 | Crypt:1  | Reached ** piety under the Shining One
 56292 | Crypt:1  | Reached *** piety under the Shining One
 56705 | Crypt:1  | Reached **** piety under the Shining One
 56828 | Crypt:2  | Identified the +5 battleaxe of the Moon {antimagic, rElec
                  | Dex+3}
 56970 | Crypt:2  | Reached ***** piety under the Shining One
 57727 | Crypt:3  | Entered Level 3 of the Crypt
 57727 | Crypt:3  | Reached ****** piety under the Shining One
 57925 | Crypt:3  | Found an ancient bone altar of Kikubaaqudgha.
 57925 | Crypt:3  | Noticed a dread lich
 57928 | Crypt:3  | Paralysed by a dread lich for 4 turns
 57935 | Crypt:3  | Killed a dread lich
 57969 | Crypt:3  | Found the +10 Black Knight's barding {ponderous, rPois rN+}
 58304 | Crypt:3  | Identified the staff of the Illusory Knives {rN+ SInv Necro
                  | Ice}
 58470 | Crypt:3  | Found a staircase to the Tomb.
 58557 | Crypt:3  | Identified a +9 eudemon blade of holy wrath {Araceli} (a +7
                  | vampiric demon blade {Araceli} blessed by the Shining One)
 58557 | Crypt:3  | Received a gift from the Shining One
 58928 | Hell     | Entered the Vestibule of Hell
 58928 | Hell     | Noticed Geryon
 58937 | Hell     | Killed Geryon
 58953 | Hell     | Noticed Murray
 58962 | Hell     | Killed Murray
 59239 | Hell     | Found a gateway to the ashen valley of Gehenna.
 59291 | Hell     | Found a gateway to the Iron City of Dis.
 59431 | Hell     | Found a gateway to the freezing wastes of Cocytus.
 59514 | Hell     | Found a gateway to the decaying netherworld of Tartarus.
 59648 | Pan      | Entered Pandemonium
 60181 | Pan      | Noticed Gecs the pandemonium lord
 60188 | Pan      | Killed Gecs the pandemonium lord
 60200 | Pan      | Found a runed translucent door.
 60214 | Pan      | Got a demonic rune of Zot
 60365 | Pan      | Noticed Eterock the pandemonium lord
 60376 | Pan      | Killed Eterock the pandemonium lord
 60622 | Pan      | Noticed Houroask the pandemonium lord
 60634 | Pan      | Killed Houroask the pandemonium lord
 60756 | Pan      | Found Roigyb's Jewellery Boutique.
 60756 | Pan      | Noticed a dread lich
 60760 | Pan      | Killed a dread lich
 60767 | Pan      | Found an opulent altar of Gozag.
 60771 | Pan      | Noticed a dread lich
 60775 | Pan      | Killed a dread lich
 60777 | Pan      | Found an opulent altar of Gozag.
 60783 | Pan      | Noticed Roigyb the pandemonium lord
 60783 | Pan      | Noticed a dread lich
 60788 | Pan      | Killed a dread lich
 60791 | Pan      | Killed Roigyb the pandemonium lord
 60795 | Pan      | Found Roigyb's Book Emporium.
 60818 | Pan      | Found an opulent altar of Gozag.
 60824 | Pan      | Found Roigyb's Rarities Bin.
 60830 | Pan      | Bought the +0 pair of boots "Ezxoyru Vong" {rN+} for 251
                  | gold pieces
 60850 | Pan      | Entered the realm of Gloorx Vloq.
 60992 | Pan      | Noticed Gloorx Vloq
 61002 | Pan      | Killed Gloorx Vloq
 61033 | Pan      | Got a dark rune of Zot
 61215 | Pan      | Found an exit through the horrors of the Abyss.
 61346 | Pan      | Noticed Muodoubegh the pandemonium lord
 61350 | Pan      | Killed Muodoubegh the pandemonium lord
 61537 | Pan      | Found a transporter.
 61693 | Pan      | Was forgiven by Okawaru
 61698 | Pan      | Entered the realm of Cerebov.
 61840 | Pan      | Found the +6 sword of Cerebov {flame}
 61840 | Pan      | Noticed Cerebov
 61856 | Pan      | Killed Cerebov
 61938 | Pan      | Got a fiery rune of Zot
 62249 | Pan      | Identified the +8 tower shield "Foexiocw" {Harm rF++ rC+
                  | Stlth+}
 62275 | Pan      | Entered the realm of Mnoleg.
 62457 | Pan      | Identified the +0 buckler "Qypocavops" {Fly Dex+3}
 62541 | Pan      | Gained mutation: You are weak. (Str -2) [a cacodemon]
 62795 | Pan      | Noticed Mnoleg
 62863 | Pan      | Killed Mnoleg
 62912 | Pan      | Got a glowing rune of Zot
 62991 | Pan      | Entered the realm of Lom Lobon.
 63159 | Pan      | Noticed Lom Lobon
 63167 | Pan      | Killed Lom Lobon
 63185 | Pan      | Got a magical rune of Zot
 63363 | Pan      | Noticed Boggiuv the pandemonium lord
 63373 | Pan      | Killed Boggiuv the pandemonium lord
 63499 | Pan      | Identified the +7 mace "Zesaem" {elec, rN+ rCorr Stlth+}
 63766 | Depths:2 | Escaped Pandemonium
 63887 | Geh:1    | Entered Level 1 of Gehenna
 64078 | Geh:5    | You fall into a shaft and drop 1 floor!
 64167 | Geh:7    | Entered Level 7 of Gehenna
 64246 | Geh:7    | Noticed the Serpent of Hell
 64258 | Geh:7    | Killed the Serpent of Hell
 64543 | Geh:7    | Identified the +6 scimitar "Bog Akh" {holy, +Blink Dex+3}
 64554 | Geh:7    | Identified the +9 spear of Shame {spect, Str+2 Dex+2}
 64985 | Geh:7    | Found the +13 sceptre of Asmodeus
 64985 | Geh:7    | Noticed Asmodeus
 65004 | Geh:7    | Killed Asmodeus
 65027 | Geh:7    | Got an obsidian rune of Zot
 65239 | Tar:1    | Entered Level 1 of Tartarus
 65240 | Tar:1    | Acquired a manual of Evocations
 65481 | Tar:7    | Entered Level 7 of Tartarus
 65595 | Tar:7    | Noticed Ereshkigal
 65597 | Tar:7    | Paralysed by Ereshkigal for 2 turns
 65606 | Tar:7    | Killed Ereshkigal
 65635 | Tar:7    | Got a bone rune of Zot
 65768 | Coc:1    | Entered Level 1 of Cocytus
 65886 | Coc:5    | Paralysed by a wendigo for 1 turns
 65940 | Coc:6    | Paralysed by a wendigo for 1 turns
 65961 | Coc:6    | Noticed a juggernaut
 65963 | Coc:6    | Noticed a juggernaut
 65974 | Coc:6    | Killed a juggernaut
 65977 | Coc:6    | Killed a juggernaut
 66067 | Coc:7    | Entered Level 7 of Cocytus
 66187 | Coc:7    | Reached skill level 27 in Dodging
 66420 | Coc:7    | Noticed Antaeus
 66440 | Coc:7    | Killed Antaeus
 66442 | Coc:7    | Got an icy rune of Zot
 66623 | Dis:1    | Entered Level 1 of the Iron City of Dis
 66623 | Dis:1    | Found a huge runed translucent gate.
 66623 | Dis:1    | Found a huge runed translucent gate.
 66623 | Dis:1    | Found a huge runed translucent gate.
 66623 | Dis:1    | Found a huge runed translucent gate.
 66623 | Dis:1    | Found a huge runed translucent gate.
 66623 | Dis:1    | Found a huge runed translucent gate.
 66623 | Dis:1    | Found a huge runed translucent gate.
 66623 | Dis:1    | Found a huge runed translucent gate.
 66623 | Dis:1    | Found a huge runed translucent gate.
 66623 | Dis:1    | Found a huge runed translucent gate.
 66623 | Dis:1    | Found a huge runed translucent gate.
 66623 | Dis:1    | Found a huge runed translucent gate.
 66627 | Dis:1    | Found a huge runed translucent gate.
 66627 | Dis:1    | Found a huge runed translucent gate.
 66629 | Dis:1    | Found a huge runed translucent gate.
 66631 | Dis:1    | Found a huge runed translucent gate.
 66694 | Dis:3    | You fall into a shaft and drop 3 floors!
 66809 | Dis:7    | Entered Level 7 of the Iron City of Dis
 67077 | Dis:7    | Noticed a juggernaut
 67081 | Dis:7    | Noticed Dispater
 67083 | Dis:7    | Killed a juggernaut
 67093 | Dis:7    | Killed Dispater
 67103 | Dis:7    | Got an iron rune of Zot
 67482 | D:8      | Killed Gastronok
 67808 | Tomb:1   | Entered Level 1 of the Tomb of the Ancients
 67954 | Tomb:1   | Noticed a royal mummy
 67954 | Tomb:1   | Noticed a royal mummy
 67961 | Tomb:1   | Killed a royal mummy
 67961 | Tomb:1   | Noticed a royal mummy
 67961 | Tomb:1   | Noticed a royal mummy
 67963 | Tomb:1   | Killed a royal mummy
 67964 | Tomb:1   | Killed a royal mummy
 67965 | Tomb:1   | Killed a royal mummy
 68012 | Tomb:1   | Reached skill level 27 in Fighting
 68047 | Tomb:2   | Noticed a royal mummy
 68047 | Tomb:2   | Noticed a royal mummy
 68047 | Tomb:2   | Noticed a royal mummy
 68047 | Tomb:2   | Noticed a royal mummy
 68048 | Tomb:2   | Reached skill level 15 in Armour
 68054 | Tomb:2   | Killed a royal mummy
 68055 | Tomb:2   | Killed a royal mummy
 68059 | Tomb:2   | Killed a royal mummy
 68061 | Tomb:2   | Killed a royal mummy
 68062 | Tomb:2   | Reached skill level 27 in Long Blades
 68219 | Tomb:3   | Entered Level 3 of the Tomb of the Ancients
 68233 | Tomb:3   | Gained mutation: Armour fits poorly on your strangely
                  | shaped body. [mutagenic glow]
 68256 | Tomb:3   | Noticed a royal mummy
 68259 | Tomb:3   | Noticed a royal mummy
 68260 | Tomb:3   | Noticed a royal mummy
 68261 | Tomb:3   | Killed a royal mummy
 68261 | Tomb:3   | Killed a royal mummy
 68266 | Tomb:3   | Noticed a royal mummy
 68269 | Tomb:3   | Killed a royal mummy
 68272 | Tomb:3   | Killed a royal mummy
 68275 | Tomb:3   | Noticed a royal mummy
 68275 | Tomb:3   | Gained mutation: You are clumsy. (Dex -2) [mutagenic glow]
 68277 | Tomb:3   | Noticed a royal mummy
 68280 | Tomb:3   | Noticed a royal mummy
 68280 | Tomb:3   | Noticed a royal mummy
 68282 | Tomb:3   | Killed a royal mummy
 68288 | Tomb:3   | Killed a royal mummy
 68291 | Tomb:3   | Killed a royal mummy
 68294 | Tomb:3   | Killed a royal mummy
 68335 | Tomb:3   | Found the +11 Singing Sword {sonic wave}
 68337 | Tomb:3   | Found the +8 whip "Snakebite" {venom, curare, rPois}
 68338 | Tomb:3   | Found the +1 robe of Vines {NoPotionHeal Regen++++}
 68364 | Tomb:3   | Got a sanguine gem with 1234 turns to spare
 68392 | Tomb:3   | Got a golden rune of Zot
 68394 | Tomb:3   | Noticed a royal mummy
 68398 | Tomb:3   | Killed a royal mummy
 68424 | Tomb:2   | Acquired 800 gold pieces
 69168 | Zot:5    | Got the Orb of Zot
 69226 | Zot:4    | Noticed Gocles the pandemonium lord
 69231 | Zot:4    | Killed Gocles the pandemonium lord
 69654 | D:5      | Noticed Cipedgh the pandemonium lord
 69657 | D:5      | Killed Cipedgh the pandemonium lord
 69685 | D:3      | Noticed Loddikoj the pandemonium lord
 69691 | D:3      | Killed Loddikoj the pandemonium lord
 69830 | D:$      | Escaped with the Orb!

Illustrated notes

Levels and vault maps discovered:
D:1:      evilmike_arrival_crescent, layout_loops_ring, basic_ecumenical_altar
D:2:      layout_loops_cross, kennysheep_nub, minmay_misc_feat_tiny,
          kennysheep_flooded_box, minivault_24, st_stairs_1
D:3:      layout_basic
D:4:      layout_basic, old_standard_altar, mainiacjoe_overflow_cross_hatched
D:5:      minmay_angry_zag, layout_gridville, nicolae_uskayaw_dance_hall,
          grunt_temple_overflow_open
D:6:      layout_layer_cave, minmay_temple_entry_trees,
          serial_library_hellmonk_recessed_alcove, uniq_blork_the_orc
D:7:      layout_basic, grunt_ashenzari_visionary
          [grunt_ashenzari_visionary_shoals, grunt_ashenzari_visionary_snake],
          uniq_prince_ribbit1
D:8:      layout_gridville, uniq_gastronok, uniq_grum
D:9:      layout_roguey, minmay_orc_entry_guard_dogs
D:10:     layout_rooms, grunt_lair_entry_orc_guard_hut, st_stairs_5, uniq_psyche
D:11:     layout_irregular_city, tso_metal_star
D:12:     layout_cave_pools, kennysheep_generic_room_8, uniq_frances,
          uniq_nessos, uniq_erolcha
D:13:     layout_cave_pods, hellmonk_vaults_order_and_chaos,
          minmay_misc_feat_cross
D:14:     layout_cross, gauntlet_entry_generic, uniq_louise
D:15:     gammafunk_depths_entry_grave, layout_loops_ring,
          nemelex_lonely_heart_becter, nicolae_good_shop
Temple:   eino_narrow_crystal_temple
Lair:1:   layout_misc_corridors, basic_altar, serial_bayou_lake_a
Lair:2:   layout_chaotic_city, minmay_snake_entry_guardpost_medium, uniq_erica
Lair:3:   layout_chaotic_city, minmay_shoals_entry_centaurs
Lair:4:   layout_regular_city, dpeg_slime_entry_enclosed, grunt_megastairs_5,
          infiniplex_staircase_pool_2
Lair:5:   grunt_lair_end_beastmaster, layout_long_grid, nzn_ghost_randoct
Shoals:1: nicolae_shoals_lighthouse, layout_shoals,
          portal_ice_cave_entry_pillars_2, nicolae_shoals_so_close, uniq_nikola
Shoals:2: layout_shoals
Shoals:3: layout_shoals
Shoals:4: shoals_end_hangedman, layout_shoals, serial_shops,
          nicolae_shop_hallway_plus, uniq_polyphemus
Snake:1:  layout_basic, gammafunk_ghost_cemetery, nicolae_snake_double_loop,
          nicolae_snake_yet_another_twisty_hallway, grunt_ministairs_10,
          uniq_roxanne, uniq_asterion
Snake:2:  layout_misc_corridors, nicolae_snake_bzzzt
Snake:3:  layout_onion, serial_shops, nicolae_shop_behind_doors, drop_trap
Snake:4:  johnstein_snake_rune_scales, layout_cave_town,
          ebering_ghost_reflecting_pool, grunt_megastairs_2
Slime:1:  layout_caves
Slime:2:  layout_caves
Slime:3:  layout_caves, nicolae_slime_crime_time
Slime:4:  layout_caves, nicolae_slime_welcoming_committee
Slime:5:  slime_pit_nicolae_inversion, uniq_dissolution
Orc:1:    hellmonk_paralyzer, layout_diamond_mine, basic_altar
Orc:2:    pubby_orc_utopia
Elf:1:    eino_elf_arrival_the_gate, layout_loops_corners, basic_altar,
          nicolae_elf_crossing_hall
Elf:2:    elven_hall_of_blades_hangedman_original
          [nicolae_blade_entry_crossed_weapons], layout_loops_corners,
          uniq_azrael
Elf:3:    elf_hall, layout_onion_city, drop_trap, nicolae_elf_glassroom_feature
Vaults:1: nicolae_vaults_hallways_thing, nicolae_vaults_weapon_check,
          nicolae_vaults_network_quinsquares
          [nicolae_vaults_network_quincunx_subvault,
          nicolae_vaults_network_quincunx_subvault,
          nicolae_vaults_network_quincunx_subvault,
          nicolae_vaults_network_quincunx_subvault],
          nicolae_vaults_border_crossing, nicolae_vaults_stepped_doors,
          vaults_standard_mumra_lines, vaults_room_grunt_arrival_ludios,
          v_misc_13, ontoclasm_vaults_shuriken, nicolae_vaults_tetromino_T_1,
          layout_vaults_omnicross, serial_shops, shop
Vaults:2: infiniplex_enter_wizlab_water, serial_library_hellmonk_semicircle,
          nicolae_vaults_puzzle_piece, hangedman_vaults_corner_blocks,
          nicolae_vaults_rhombus_5, v_alt_pattern_2,
          nicolae_vaults_specimen_jars, minmay_crypt_entry_simple_round,
          v_misc_19, nicolae_vaults_more_shelving_1,
          nicolae_vaults_closet_pinwheel_1, layout_vaults_omnibox, serial_shops,
          shop, nicolae_book_shop_shelving, shop
Vaults:3: ontoclasm_vaults_eye, v_alt_pattern_1, nicolae_vaults_octothorpe,
          ontoclasm_vaults_shout, grunt_vaults_diagonal,
          nicolae_vaults_closet_pinwheel_1, hangedman_vaults_capsules,
          vaults_dpeg_diagonal, layout_vaults_quadrants
Vaults:4: st_lines, hangedman_vaults_unwind,
          vaults_standard_mumra_enter_the_diamond,
          nicolae_vaults_hexular_roomagon, nicolae_vaults_big_ls,
          nicolae_vaults_door_testing_chamber, grunt_vaults_hallway_long,
          nicolae_vaults_trapezoid_lopsided_4, nicolae_vaults_tetromino_Z_1,
          vaults_dpeg_ring, ontoclasm_vaults_chip, layout_vaults_big_room
Vaults:5: uniq_mennas
Crypt:1:  layout_regular_city
Crypt:2:  layout_misc_corridors, grunt_megastairs_3
Crypt:3:  cryptofortress_bobbens
Tomb:1
Tomb:2
Tomb:3
Depths:1: layout_cave_pools, abyss_entry_small_statue_room,
          hangedman_decor_riveting, pf_coc_iceberg, kennysheep_doodads,
          onia_ninara_cookie
Depths:2: minmay_box_of_statues, layout_honeycomb, enter_ziggurat_d,
          hellmouth_2, regret_index_abyss_entry_earlier_magic,
          serial_library_hellmonk_semicircle, rand_demon_pan_entry_4,
          serial_shops, shop, uniq_enchantress, uniq_sojobo, uniq_josephina
Depths:3: minmay_nested_s, layout_cave_pools, chequers_serial_rivers_small_a,
          grunt_hell_entry_dis_grunt, rand_demon_pan_entry_1, abyss_entry,
          eino_small_chamber_without_monster, infiniplex_staircase_zigzag_2,
          serial_bayou_shore_b
Depths:4: grunt_zot_entry_pinwheel, layout_cave_pools, pf_dread_powers_of_hell,
          minmay_misc_feat_rows
Hell
Dis:1:    layout_gridville, door_vault
Dis:2:    layout_gridville
Dis:3:    layout_jigsaw
Dis:6:    layout_gridville
Dis:7:    dis_st
Geh:1:    layout_gehenna_lava_caves
Geh:2:    layout_gehenna_pools_box
Geh:3:    layout_gehenna_lava_caves
Geh:4:    layout_gehenna_pools_box, hangedman_hellfire_club
Geh:5:    layout_gehenna_lava_caves
Geh:6:    layout_gehenna_pools_triple, lemuel_flamethrower_2
Geh:7:    evilmike_geh
Coc:1:    layout_cocytus_water_paths
Coc:2:    layout_ice_bergs
Coc:3:    layout_cocytus_water_paths
Coc:4:    layout_cocytus_water_paths
Coc:5:    layout_ice_bergs
Coc:6:    layout_ice_bergs, tekkud_coc_lazy_river
Coc:7:    coc_old
Tar:1:    layout_grid_maze
Tar:2:    layout_cathedral_of_symmetry
Tar:3:    layout_catacombs, nicolae_tar_honey_chapel
Tar:4:    layout_grid_maze
Tar:5:    layout_grid_maze
Tar:6:    layout_cathedral_of_symmetry
Tar:7:    tar_grunt_cathedral
Zot:1:    ebering_greatest_show_in_zot, layout_gridville
Zot:2:    layout_twisted_circle, bh_zot_lava_cross
Zot:3:    layout_twisted_circle, regret_index_zotdec_twisting_globes
Zot:4:    nicolae_zot_draconian_monastery, layout_misc_corridors,
          regret_index_zotdec_serpentine_scales
Zot:5:    layout_gridlike, nrook_zot_tub

Skill      XL: |  1  2  3  4  5  6  7  8  9 10 11 12 13 14 15 16 17 18 19 20 21 22 23 24 25 26 27 |
---------------+----------------------------------------------------------------------------------+-----
Long Blades    | 4 5 6 8 10 11 13 14 15 16 17 19 20 21 22 27 | 27.0
Evocations     | 1 3 5 7 9 |  9.0
Dodging        | 3 4 6 8 9 10 11 12 13 15 16 17 18 19 20 27 | 27.0
Stealth        | 1 2 4 6 8 9 11 12 | 12.0
Fighting       | 4 5 6 8 9 10 11 12 13 15 17 18 19 20 21 22 27 | 27.0
Invocations    | 3 5 6 7 8 9 10 11 12 13 25 | 25.1
Armour         | 2 3 6 8 9 10 12 17 | 17.4
Throwing       | 2 |  2.0
Translocations | 3 10 11 16 | 16.0
Spellcasting   | 4 7 9 11 12 13 | 13.0

Action                     |  1- 3 |  4- 6 |  7- 9 | 10-12 | 13-15 | 16-18 | 19-21 | 22-24 | 25-27 || total
---------------------------+-------+-------+-------+-------+-------+-------+-------+-------+-------++-------
  Melee: Long sword        |    86 |   118 |    43 |       |       |       |       |       |       ||   247
         Dagger            |    76 |    16 |       |       |       |       |       |       |       ||    92
         Falchion          |       |    88 |   152 |       |       |       |       |       |       ||   240
         Scimitar          |       |       |   114 |   731 |  1275 |  1109 |   810 |       |   499 ||  4538
         Demon blade       |       |       |       |       |   497 |  1121 |  1429 |  2495 |  2797 ||  8339
         Double sword      |       |       |       |       |       |       |       |       |  2952 ||  2952
         Eudemon blade     |       |       |       |       |       |       |       |       |  2529 ||  2529
  Throw: Throwing net      |       |       |     3 |       |       |     1 |       |       |       ||     4
         Javelin           |       |       |     2 |     1 |       |       |       |       |       ||     3
         Dart              |       |       |       |    13 |     5 |       |       |       |       ||    18
   Cast: Manifold Assault  |       |       |       |       |   208 |   646 |   469 |   324 |  1488 ||  3135
         Dispersal         |       |       |       |       |       |       |       |       |     9 ||     9
 Invoke: Heroism           |       |       |       |     4 |    12 |    20 |    21 |    19 |    28 ||   104
         Receive Weapon    |       |       |       |       |     1 |       |       |       |       ||     1
         Receive Armour    |       |       |       |       |     1 |       |       |       |       ||     1
         Duel              |       |       |       |       |     2 |       |       |       |       ||     2
         Finesse           |       |       |       |       |       |       |       |     3 |     4 ||     7
         Divine Shield     |       |       |       |       |       |       |       |       |    28 ||    28
         Cleansing Flame   |       |       |       |       |       |       |       |       |    22 ||    22
         Summon Divine War |       |       |       |       |       |       |       |       |     7 ||     7
         Brand Weapon With |       |       |       |       |       |       |       |       |     1 ||     1
Ability: Invent Gizmo      |       |       |       |       |     1 |       |       |       |       ||     1
  Evoke: Wand              |       |     6 |    14 |     8 |    22 |     3 |     5 |       |     3 ||    61
         Phial of floods   |       |       |       |     3 |     2 |     1 |       |     1 |     1 ||     8
         Phantom mirror    |       |       |       |       |       |       |       |       |     4 ||     4
         Box of beasts     |       |       |       |       |       |       |       |       |     3 ||     3
         Lightning rod     |       |       |       |       |       |       |       |       |     1 ||     1
    Use: Scroll            |       |       |     5 |     7 |     9 |    13 |    12 |     6 |    42 ||    94
         Potion            |       |       |     1 |     7 |     2 |     2 |       |     6 |    36 ||    54
   Stab: Sleeping          |     1 |       |     2 |     3 |    19 |     3 |    10 |    19 |    14 ||    71
         Distracted        |       |       |     1 |     1 |     3 |       |     2 |     2 |     4 ||    13
         Held in net/web   |       |       |     2 |       |       |     2 |       |       |       ||     4
         Invisible         |       |       |       |       |    10 |       |       |       |    32 ||    42
 Armour: Leather armour    |    42 |    26 |   110 |    29 |       |       |       |       |       ||   207
         Ring mail         |    27 |    45 |       |       |       |       |       |       |       ||    72
         Troll leather arm |       |       |       |   268 |   388 |   290 |   223 |   322 |   939 ||  2430
         Skin              |       |       |       |       |       |       |       |       |   103 ||   103
         Fire dragon scale |       |       |       |       |       |       |       |       |    87 ||    87
  Dodge: Dodged            |    43 |    76 |   111 |   350 |   546 |   412 |   637 |   817 |  2560 ||  5552
  Block: Other             |       |       |       |       |       |       |       |       |   150 ||   150

Table legend: (Time is in decaauts)
 A = Elapsed time spent in this place.
 B = Non-inter-level travel time spent in this place.
 C = Inter-level travel time spent in this place.
 D = Time resting spent in this place.
 E = Time spent auto-exploring this place.
 F = Levels seen in this place.
 G = Mean time per level.
                   A        B        C        D        E       F      G
               +--------+--------+--------+--------+--------+-----+--------+
         Total |  67782 |  61259 |   6523 |   1848 |  41807 | 116 |  584.3 |
       Dungeon |  15066 |  13389 |   1677 |    990 |   9901 |  15 | 1004.4 |
        Temple |     16 |      8 |      8 |      0 |      0 |   1 |   16.0 |
          Lair |   4974 |   4473 |    501 |    101 |   3577 |   5 |  994.8 |
        Shoals |   3964 |   3761 |    203 |     28 |   3086 |   4 |  991.0 |
     Snake Pit |   5834 |   5539 |    295 |    304 |   4053 |   4 | 1458.5 |
    Slime Pits |    323 |    323 |      0 |      0 |      0 |   5 |   64.6 |
  Orcish Mines |   2428 |   2183 |    245 |     12 |   1442 |   2 | 1214.0 |
   Elven Halls |   4294 |   4115 |    179 |     42 |   3308 |   3 | 1431.3 |
        Vaults |   7552 |   6794 |    758 |    135 |   5232 |   5 | 1510.4 |
         Crypt |   2982 |   2607 |    375 |      0 |   1892 |   3 |  994.0 |
          Tomb |    802 |    667 |    135 |     12 |     44 |   3 |  267.3 |
        Depths |   5037 |   4236 |    801 |     44 |   3347 |   4 | 1259.2 |
          Hell |    774 |    598 |    176 |      0 |    338 |   1 |  774.0 |
           Dis |    518 |    440 |     78 |      0 |      0 |   5 |  103.6 |
       Gehenna |   1209 |    821 |    388 |      0 |     94 |   7 |  172.7 |
       Cocytus |    800 |    726 |     74 |      0 |      0 |   7 |  114.3 |
      Tartarus |    468 |    429 |     39 |      0 |      0 |   7 |   66.9 |
           Zot |   5431 |   4847 |    584 |     96 |   3706 |   5 | 1086.2 |
         Abyss |    497 |    497 |      0 |      0 |    239 |   3 |  165.7 |
   Pandemonium |   3864 |   3864 |      0 |     14 |   1232 |  22 |  175.6 |
      Ice Cave |     80 |     80 |      0 |     25 |      0 |   1 |   80.0 |
        Wizlab |    428 |    428 |      0 |      0 |     78 |   1 |  428.0 |
      Gauntlet |    386 |    386 |      0 |     43 |    233 |   1 |  386.0 |
         Arena |     45 |     45 |      0 |      0 |      0 |   2 |   22.5 |
               +--------+--------+--------+--------+--------+-----+--------+

Top non-repeatable levels by time:
   Orc:2: 1860 daAuts
Vaults:1: 1830 daAuts
Depths:2: 1792 daAuts
 Snake:4: 1790 daAuts
Vaults:5: 1749 daAuts
 Snake:1: 1635 daAuts
   Elf:2: 1603 daAuts
   Elf:3: 1553 daAuts
     D:7: 1503 daAuts
 Snake:2: 1470 daAuts
   Zot:5: 1443 daAuts
Shoals:4: 1388 daAuts
Vaults:3: 1354 daAuts
Depths:3: 1342 daAuts
Vaults:4: 1330 daAuts
